cohdb
Replays
Latest Replays
All Replays
Popular Replays
Top Player Replays
Match Explorer
How It Works
Community
CoH3 Stats
Reddit
Sign in to upload your games and track your stats! →
Sign in with Steam
Match 39345570
Unlisted
Match 39345570
Overview
Messages
Build Orders
End
Construct Infanterie Kompanie
Kettenkrad Recon Vehicle
Selects Mechanized Battlegroup
MG 42 Machine Gun Team
Kettenkrad Recon Vehicle
GrW 34 Mortar Team
Medical Station
Selects Spotting Scopes
Grenadier Squad
Pioneer Squad
Construct Luftwaffe Kompanie
Jäger Squad
Jäger Squad
Support Elements
Selects Wespe Self-propelled Artillery
Jäger Squad
Jäger Squad
Marder III M Tank Destroyer
Selects Raid Package
Selects Mechanized Assault
Marder III M Tank Destroyer
Atomic Floyd
deadsadbadmad
Alessandro-9891
Graset
Severn
Zorg
0
0
Comments
sign in to comment!
No comments posted yet!